Map: Proxima Station LE

Players

TIME (Oliveira) - Winner!

  • Race: Terran Terran
  • Spawn Location: 7:00

Minato

  • Race: Zerg Zerg
  • Spawn Location: 1:00

Event: WCS Jonkoping 2017

VOD

Have the link to the VOD?

Description

Time

  • Played on: June 17, 2017, 11:36 a.m.
  • Length: 13:27

All games in this series

Show
View Real Time Build Order
Export as new Build Order

TIME Terran - Winner!

Build Orders: Reaper Expand, Hellion Banshee, Mech 

Get SALT Encoding   

  12  0:00  SCV  
  13  0:12  SCV  
  14  0:17  Supply Depot  
  14  0:24  SCV  
  14  0:28  Refinery  
  15  0:39  SCV  
  16  0:44  Barracks  
  16  0:51  SCV  
  17  1:03  SCV  
  18  1:15  SCV  
  19  1:31  Orbital Command, Reaper  
  20  1:42  Command Center  
  20  1:53  Factory  
  20  1:57  SCV  
  21  2:02  Refinery  
  21  2:06  Barracks Reactor  
  21  2:09  SCV  
  22  2:16  Supply Depot  
  22  2:21  SCV  
  23  2:38  SCV  
  23  2:43  Starport  
  24  2:50  SCV  
  25  2:54  Hellion x2, Barracks Tech Lab  
  25  2:58  Orbital Command  
  29  3:02  SCV  
  30  3:14  SCV  
  30  3:15  Hellion x2  
  35  3:25  Banshee, Cloaking Field  
  38  3:30  SCV x2  
  40  3:35  Supply Depot  
  40  3:39  Hellion  
  42  3:45  Hellion, SCV  
  42  3:47  SCV  
  46  3:57  SCV  
  46  3:58  Supply Depot  
  46  4:00  SCV  
  46  4:02  Armory  
  48  4:04  Hellion  
  48  4:08  Supply Depot  
  50  4:11  Hellion  
  52  4:18  SCV  
  52  4:20  Banshee  
  52  4:21  SCV  
  57  4:26  Supply Depot  
  57  4:27  Hellion  
  57  4:30  SCV  
  60  4:33  SCV  
  60  4:38  Hellion  
  63  4:42  SCV  
  64  4:45  SCV  
  64  4:49  Hellion  
  67  4:54  SCV  
  67  4:57  SCV  
  67  4:59  Hellion  
  71  5:06  SCV  
  72  5:10  Hellion, SCV  
  72  5:12  Banshee  
  70  5:18  SCV, Command Center, Terran Vehicle Weapons Level 1  
  70  5:20  Hellion  
  60  5:31  Barracks Tech Lab, SCV  
  60  5:32  Hellion  
  60  5:33  Factory  
  60  5:35  Factory  
  63  5:37  Refinery x2  
  63  5:40  SCV  
  63  5:42  Hellion  
  66  5:43  SCV  
  66  5:49  Supply Depot  
  67  5:52  SCV  
  67  5:53  Hellion  
  70  5:57  SCV  
  70  5:59  Hellion x4  
  70  6:01  Supply Depot  
  70  6:03  Hellion, Starport Reactor  
  73  6:10  SCV  
  74  6:11  SCV  
  74  6:16  Supply Depot  
  74  6:17  Hellion  
  74  6:26  Thor x2  
  74  6:27  Hellion  
  74  6:28  SCV, Supply Depot  
  74  6:30  Orbital Command  
  89  6:39  Hellion  
  91  6:50  SCV  
  91  6:52  Hellion, Medivac x2  
  91  6:53  SCV  
  99  7:03  Hellion, Orbital Command, Infernal Pre-Igniter  
  99  7:05  SCV  
  99  7:07  Refinery  
  99  7:08  SCV, Refinery  
  103  7:17  Hellion  
  103  7:18  Terran Vehicle Weapons Level 2  
  106  7:22  SCV  
  106  7:25  Siege Tank, SCV  
  106  7:28  SCV  
  111  7:35  SCV  
  112  7:37  SCV, Supply Depot x2  
  112  7:40  SCV, Armory  
  114  7:47  Siege Tank, SCV  
  114  7:48  Hellion x2  
  122  7:57  Siege Tank  
  118  7:59  Viking x2  
  118  8:00  SCV  
  123  8:17  Hellion x2  
  123  8:19  SCV  
  124  8:20  Factory  
  124  8:23  Factory  
  111  8:34  Siege Tank  
  111  8:35  Siege Tank, SCV  
  111  8:38  Viking x2  
  116  8:41  Terran Vehicle And Ship Armor Level 1  
  116  8:43  SCV, Supply Depot  
  116  8:45  Command Center  
  117  8:49  Hellion x2  
  117  8:52  SCV  
  117  8:53  SCV  
  121  8:56  SCV  
  115  9:05  SCV  
  115  9:06  Siege Tank  
  115  9:08  Factory Reactor  
  119  9:10  Siege Tank  
  119  9:14  Factory Tech Lab  
  119  9:15  Hellion x2  
  119  9:16  Viking x2  
  130  9:17  SCV x2  
  130  9:18  SCV  
  133  9:25  Supply Depot  
  133  9:27  Engineering Bay  
  133  9:29  SCV x2  
  135  9:34  Siege Tank  
  135  9:37  Terran Vehicle Weapons Level 3  
  138  9:39  Hellion x2  
  144  9:46  Hellion x2  
  144  9:47  Siege Tank  
  149  9:57  Supply Depot  
  149  10:07  Siege Tank x2  
  149  10:08  Hellion  
  149  10:09  Hellion x3  
  163  10:28  Planetary Fortress  
  163  10:33  Refinery  
  163  10:36  Hellion x3, Sensor Tower  
  163  10:37  Siege Tank, Refinery  
  163  10:38  Supply Depot  
  172  10:51  Siege Tank  
  172  10:54  Siege Tank  
  176  11:02  Hellion x2  
  180  11:09  Siege Tank  
  175  11:14  Hellion  
  175  11:15  Hellion  
  175  11:17  Viking x2  
  181  11:24  Command Center  
  181  11:27  Siege Tank x2, Command Center  
  181  11:32  Supply Depot  
  187  11:34  Hellion x2  
  187  11:37  Sensor Tower  
  187  11:39  Hellion  
  193  11:40  Command Center  
  194  11:47  Hellion  
  194  11:48  Siege Tank  
  194  11:49  SCV  
  194  11:50  SCV  
  189  12:20  Siege Tank x3  
  194  12:27  Hellion x2, Liberator x2  
  189  12:43  Hellion  
  168  12:50  Hellion x2  
  178  12:52  Siege Tank x3  
  178  12:56  Hellion  
  167  13:15  Barracks, Starport  
  167  13:16  Starport  
Show
View Real Time Build Order
Export as new Build Order

Minato Zerg 

Build Orders: Hatch First, Swarm Host 

Get SALT Encoding   

  12  0:00  Drone  
  13  0:12  Overlord  
  13  0:19  Drone  
  14  0:31  Drone x2  
  14  0:34  Drone  
  17  0:53  Hatchery  
  17  0:55  Drone  
  17  0:58  Drone  
  18  1:09  Extractor  
  17  1:14  Spawning Pool  
  17  1:17  Drone  
  17  1:22  Drone  
  18  1:30  Drone  
  19  1:41  Overlord  
  19  2:00  Queen  
  22  2:01  Zergling x4  
  22  2:04  Queen  
  22  2:05  Drone  
  26  2:14  Metabolic Boost  
  27  2:15  Drone x2  
  27  2:22  Drone  
  29  2:28  Drone  
  30  2:33  Drone  
  30  2:36  Queen  
  33  2:42  Queen  
  33  2:44  Overlord  
  34  2:45  Drone  
  35  2:54  Overlord  
  35  2:55  Overlord  
  35  3:02  Drone  
  36  3:06  Drone  
  36  3:11  Drone x3  
  36  3:12  Drone  
  41  3:13  Drone x2  
  41  3:14  Drone  
  44  3:23  Zergling x4  
  46  3:30  Hatchery  
  46  3:33  Queen  
  47  3:43  Queen  
  47  3:47  Drone  
  47  3:48  Spore Crawler  
  49  3:52  Drone x2  
  49  3:54  Spore Crawler  
  50  3:58  Zergling x2  
  50  3:59  Zergling x4  
  50  4:00  Zergling x6  
  50  4:01  Zergling x2  
  57  4:12  Drone x2  
  59  4:18  Overlord x2  
  59  4:22  Overlord x2  
  59  4:35  Overlord  
  59  4:36  Queen x2  
  63  4:40  Drone x2  
  63  4:41  Drone  
  63  4:42  Drone x2  
  63  4:43  Drone  
  69  4:46  Drone  
  69  4:48  Extractor x2  
  69  4:49  Drone x2  
  69  4:52  Spore Crawler  
  69  4:58  Zergling x8  
  73  5:10  Zergling x10  
  70  5:20  Drone x3  
  69  5:30  Drone x3  
  72  5:38  Lair  
  72  5:39  Drone x3  
  75  5:48  Drone x2  
  75  5:49  Baneling Nest, Evolution Chamber  
  73  5:50  Evolution Chamber  
  73  5:53  Drone  
  72  5:58  Drone x2  
  72  6:00  Extractor  
  72  6:01  Drone  
  72  6:02  Extractor x2  
  72  6:03  Overlord x2  
  71  6:07  Drone x3  
  71  6:09  Drone x2  
  75  6:11  Drone  
  75  6:14  Drone  
  77  6:19  Drone x2  
  79  6:32  Zerg Ground Armor Level 1  
  79  6:33  Drone x5  
  79  6:34  Drone x3  
  79  6:35  Baneling x2  
  79  6:36  Baneling x2  
  79  6:37  Hatchery  
  86  6:42  Hydralisk Den  
  86  6:43  Baneling x4  
  86  6:44  Baneling x3  
  86  6:45  Overseer  
  85  6:53  Overlord x2  
  85  6:56  Drone x4  
  85  6:58  Overseer  
  89  7:04  Overlord x2  
  89  7:13  Muscular Augments  
  89  7:14  Hydralisk x3  
  95  7:16  Hydralisk  
  95  7:17  Zergling x2  
  95  7:21  Zerg Missile Weapons Level 1  
  98  7:26  Roach Warren, Hydralisk  
  98  7:27  Hydralisk, Infestation Pit  
  98  7:46  Hydralisk x5, Zergling x6  
  98  7:47  Zergling x2  
  108  7:54  Hydralisk  
  108  7:55  Hydralisk, Zergling x4  
  108  7:58  Zergling x4  
  113  7:59  Zergling x2  
  113  8:01  Queen  
  112  8:06  Roach  
  112  8:11  Centrifical Hooks  
  112  8:12  Baneling x8  
  114  8:13  Zergling x2  
  114  8:17  Hydralisk, Zergling x2  
  114  8:18  Zergling x2  
  116  8:21  Zergling x6  
  116  8:23  Zergling x2  
  116  8:24  Zergling x2  
  116  8:26  Zergling x2  
  109  8:35  Hydralisk x2  
  109  8:36  Zergling x6  
  116  8:41  Queen  
  116  8:44  Hydralisk, Zergling x2  
  116  8:45  Glial Reconstitution  
  121  8:55  Hydralisk x2, Zergling x2  
  109  9:03  Hydralisk, Zergling x2  
  109  9:07  Zergling x4  
  114  9:11  Hydralisk  
  114  9:12  Hydralisk, Roach x2  
  115  9:20  Hydralisk  
  115  9:21  Roach  
  114  9:33  Roach x3  
  114  9:34  Queen  
  114  9:36  Hydralisk x2  
  114  9:38  Zerg Missile Weapons Level 2, Hatchery  
  125  9:42  Roach  
  127  9:53  Overlord x2  
  127  9:54  Roach  
  127  9:55  Roach x2  
  127  9:56  Roach  
  127  9:57  Ravager x2  
  137  10:00  Hive  
  137  10:01  Overlord  
  137  10:13  Baneling x4  
  137  10:14  Baneling x3  
  137  10:16  Swarm Host x2  
  137  10:19  Overlord x3  
  143  10:22  Ravager x3  
  143  10:23  Ravager  
  143  10:26  Ravager x2  
  149  10:42  Hydralisk x4, Roach x3  
  163  10:43  Roach  
  165  10:53  Swarm Host x3  
  174  10:58  Swarm Host  
  176  11:05  Hydralisk x2  
  176  11:06  Roach  
  176  11:11  Hydralisk  
  182  11:17  Swarm Host  
  182  11:19  Overlord x2  
  181  11:28  Queen  
  181  11:31  Overlord x2  
  179  11:48  Swarm Host x5  
  194  12:02  Overseer  
  188  12:09  Drone x2  
  188  12:14  Hydralisk x3, Roach  
  188  12:15  Roach  
  195  12:20  Hydralisk  
  195  12:21  Roach x2  
  191  12:23  Roach  
  191  12:31  Hydralisk  
  191  12:32  Roach  
  195  12:40  Hydralisk  
  195  12:41  Roach x2  
  182  12:48  Hydralisk  
  182  12:49  Roach  
  174  13:05  Roach x2  
Tags
 
Add a new tag
Caveats
  • Supply blocks, unpowered buildings, or Contaminate may cause inaccurate times.
  • Supply counts are checked every 10 seconds.